 Dungeon Crawl Stone Soup version 0.29.1-12-g30fa7ad0bf (webtiles) character file.

Game seed: 4435700756456066356

360 Zonian the Chiller (level 6, -3/32 HPs)
             Began as a Deep Elf Ice Elementalist on Dec 25, 2022.
             Was a Believer of Okawaru.
             Slain by a thrashing horror (12 damage)
             ... on level 3 of the Abyss.
             The game lasted 00:12:32 (7472 turns).

Zonian the Chiller (Deep Elf Ice Elementalist)      Turns: 7472, Time: 00:12:34

Health: -3/32      AC:  4    Str:  5    XL:     6   Next: 38%
Magic:  10/16      EV: 13    Int: 22    God:    Okawaru [**....]
Gold:   131        SH:  0    Dex: 15    Spells: 9/16 levels left

rFire   . . .      SeeInvis .   i - +2 short sword (venom)
rCold   . . .      Faith    .   (no shield)
rNeg    . . .      Spirit   .   a - +0 robe
rPois   .          Reflect  .   (no helmet)
rElec   .          Harm     .   y - +0 cloak
rCorr   .          Rampage  .   (no gloves)
Will    .....                   s - +0 pair of boots
Stlth   ++........              (no amulet)
HPRegen 0.10/turn               (no ring)
MPRegen 0.15/turn               (no ring)

@: freezing walls, very slightly contaminated
A: no striking features
a: Renounce Religion, Heroism


You were on level 3 of the Abyss.
You worshipped Okawaru.
Okawaru was pleased with you.
You visited 1 branch of the dungeon, and saw 5 of its levels.
You visited the Abyss 1 time.

You collected 131 gold pieces.

Inventory:

Hand Weapons
 b - a +0 sling of venom
 h - a +0 trident of venom
 i - a +2 short sword of venom (weapon)
 j - a +0 whip
 r - a +0 sling
Armour
 a - a +0 robe (worn)
 s - a +0 pair of boots (worn)
 y - a +0 cloak (worn)
Magical Staves
 c - a staff of earth
Jewellery
 v - an amulet of the acrobat
 x - an amulet of faith
Scrolls
 m - a scroll of magic mapping
 o - a scroll of amnesia
Potions
 g - a potion of berserk rage
 k - a potion of haste
 l - a potion of brilliance
 q - a potion of lignification {unknown}
 t - a potion of cancellation
 z - a potion of curing


   Skills:
 - Level 1.4 Ranged Weapons
 - Level 3.2 Dodging
 - Level 3.3 Stealth
 + Level 5.5 Spellcasting
 + Level 5.8 Ice Magic
 + Level 3.1 Invocations


You had 9 spell levels left.
You knew the following spells:

 Your Spells              Type           Power      Damage    Failure   Level
a - Freeze                Ice            100%       1d11      1%          1
b - Frozen Ramparts       Ice            62%        1d10      2%          3
c - Ozocubu's Armour      Ice            31%        N/A       2%          3

Your spell library contained the following spells:

 Spells                   Type           Power      Damage    Failure   Level
 Foxfire                  Conj/Fire      24%        2x1d5     10%         1
 Sting                    Tmut/Pois      24%        1d4       10%         1
 Poisonous Vapours        Pois/Air       12%        N/A       14%         2
 Conjure Flame            Conj/Fire      6%         6-21      28%         3
 Ignite Poison            Fire/Tmut/Pois 6%         N/A       28%         3
 Inner Flame              Hex/Fire       6%         N/A       28%         3
 Mephitic Cloud           Conj/Pois/Air  6%         N/A       28%         3
 Hailstorm                Conj/Ice       18%        3d6       28%         4
 Flame Wave               Conj/Fire      6%         2d5       67%         4
 Olgreb's Toxic Radiance  Pois           6%         N/A       67%         4
 Freezing Cloud           Conj/Ice/Air   7%         6-21      75%         5


Dungeon Overview and Level Annotations

Branches:
Dungeon (5/15)
 Temple: D:4-7

Altars:
Okawaru
Ru
Uskayaw
The Shining One

Annotations:
D:2 Sigmund
D:3 3 runed translucent doors, BridgetMcLeod's ghost, amateur HuGl
D:4 Edmund


Message History

Unknown command.
You start resting.
You plunge deeper into the Abyss.
The abyssal rune of Zot can be found at this depth.
You start resting.
A small abomination appears in a shower of translocational energy.
A small abomination is nearby!
Unknown command.
A thrashing horror comes into view.
The thrashing horror roars!
The thrashing horror closely misses you. x2
The thrashing horror roars!
The thrashing horror completely misses you.
The thrashing horror closely misses you.
The thrashing horror tramples you but does no damage.
The thrashing horror tramples you.
You hold your ground!
The thrashing horror tramples you.
You hold your ground!
The thrashing horror tramples you but does no damage.
Okay, then.
Casting: Frozen Ramparts (dangerous; 2% risk of failure)
Confirm with . or Enter, or press ? or * to list all spells.
Casting: Frozen Ramparts (dangerous; 2% risk of failure)
Press: ? - help, Dir - look around, f - activate You miscast Frozen Ramparts.
You are very lightly contaminated with residual magic.
Nothing appears to happen.
The thrashing horror tramples you.
You hold your ground!
The thrashing horror misses you. The thrashing horror tramples you.
* * * LOW HITPOINT WARNING * * *
You hold your ground!
The thrashing horror tramples you but does no damage.
Casting: Frozen Ramparts (dangerous; 2% risk of failure)
Confirm with . or Enter, or press ? or * to list all spells.
Casting: Frozen Ramparts (dangerous; 2% risk of failure)
Press: ? - help, Dir - look around, f - activate The walls around you are covered in ice.
The wall freezes the small abomination!
The wall freezes the thrashing horror but does no damage.
The thrashing horror tramples you!
You die...

... ..... .#
... ......# ..
...#.....
..........
.#....#.. .
... ... ..
#.#..##.. .
...
#@#....##..
....
#xX###.....
#....##.##..x.
..
#.....#..#....
#....#......
......#.#...#
.. ..#.##.#.#
#. .... #.#..#
.#.#..#
.#....#


You could see a thrashing horror and a small abomination.

Vanquished Creatures
  A black bear (D:5)
  2 orc priests (D:4)
  An iguana (D:5)
  An orc wizard (D:4)
  4 gnolls (D:3)
  4 adders
  A white imp (D:5)
  2 worms (D:2)
  3 dart slugs
  11 orcs
  7 bats
  4 endoplasms
  2 giant cockroaches
  3 goblins
  3 hobgoblins
  4 jackals (D:1)
  2 quokkas
  2 ball pythons
  A frilled lizard (D:1)
  3 kobolds
  3 rats
64 creatures vanquished.

Notes
Turn   | Place    | Note
-------+----------+-------------------------------------------
     0 | D:1      | Zonian the Deep Elf Ice Elementalist began the quest for
                  | the Orb.
     0 | D:1      | Reached XP level 1. HP: 10/10 MP: 6/6
   460 | D:1      | Reached XP level 2. HP: 13/15 MP: 1/8
   908 | D:1      | Found a faded altar of an unknown god.
   919 | D:1      | Prayed at the altar of an unknown god.
   919 | D:1      | Became a worshipper of Warmaster Okawaru
   919 | D:1      | Reached * piety under Okawaru
  2052 | D:2      | Reached XP level 3. HP: 19/19 MP: 6/10
  2186 | D:2      | Learned a level 3 spell: Frozen Ramparts
  2735 | D:2      | Noticed Sigmund
  3039 | D:3      | Found a hide-covered altar of Uskayaw.
  3195 | D:3      | Found a sacrificial altar of Ru.
  3333 | D:3      | Found a runed translucent gate.
  3334 | D:3      | Found a runed translucent gate.
  3334 | D:3      | Identified the +5 ring mail "Nil Qepu" {*Slow rC+++ Will-
                  | rCorr}
  3335 | D:3      | Found a runed translucent gate.
  3339 | D:3      | Noticed BridgetMcLeod's ghost (amateur HuGl)
  3362 | D:3      | Reached XP level 4. HP: 24/24 MP: 7/11
  3740 | D:3      | Reached skill level 1 in Ranged Weapons
  3740 | D:3      | Reached skill level 1 in Invocations
  3744 | D:3      | Reached skill level 5 in Ice Magic
  5077 | D:4      | Reached XP level 5. HP: 16/28 MP: 9/13
  5084 | D:4      | HP: 1/28 [something (1)]
  5983 | D:4      | Noticed Edmund
  6099 | D:4      | Reached ** piety under Okawaru
  6101 | D:4      | Reached skill level 5 in Spellcasting
  6500 | D:4      | Learned a level 3 spell: Ozocubu's Armour
  6621 | D:4      | Noticed a phantom
  6627 | D:5      | Entered Level 5 of the Dungeon
  7045 | D:5      | Reached XP level 6. HP: 19/32 MP: 15/15
  7329 | D:5      | Found a glowing golden altar of the Shining One.
  7339 | Abyss:1  | Cast into level 1 of the Abyss (gnoll sergeant)
  7404 | Abyss:1  | Noticed a large abomination
  7423 | Abyss:1  | Noticed a chaos spawn
  7430 | Abyss:1  | HP: 1/32 [chaos spawn (8)]
  7466 | Abyss:3  | Noticed a thrashing horror
  7472 | Abyss:3  | Slain by a thrashing horror

Illustrated notes

Levels and vault maps discovered:
D:1:      psy_arrival_conway, layout_loops_ring, ebering_ecumenical_altar_mist
D:2:      layout_basic, uniq_sigmund
D:3:      layout_basic, lemuel_round_altar, nicolae_overflow_crystal_walls,
          biasface_ghost_orc_armoury, st_stairs_10
D:4:      layout_basic, serial_shops, nicolae_shop_window_shopping,
          uniq_menkaure, uniq_edmund
D:5:      layout_cave_pools, nicolae_tso_besieged_by_evil, kennysheep_mini_moat,
          grunt_temple_overflow_opulence, minmay_temple_entry_glassed_door,
          serial_park_tiny_2
Abyss:3:  base: D:3, hangedman_elemental_corridor

Skill      XL: |  1  2  3  4  5  6 |
---------------+-------------------+-----
Dodging        | 3 |  3.2
Stealth        | 3 |  3.3
Spellcasting   | 4 5 |  5.5
Ranged Weapons | 1 |  1.4
Invocations    | 1 2 3 |  3.1
Ice Magic      | 5 |  5.8

Action                   |  1- 3 |  4- 6 || total
-------------------------+-------+-------++-------
Melee: Whip              |    19 |       ||    19
       Trident           |       |    13 ||    13
       Short sword       |       |    38 ||    38
       Punch             |       |     2 ||     2
 Fire: Sling             |    16 |    37 ||    53
 Cast: Freeze            |    48 |     6 ||    54
       Frozen Ramparts   |     1 |     7 ||     8
  Use: Potion            |     1 |     7 ||     8
       Scroll            |     3 |    10 ||    13
Armor: Robe              |    13 |    15 ||    28
Dodge: Dodged            |    47 |    49 ||    96
